 Dungeon Crawl Stone Soup version 0.16.2-12-gd0ad4c3 (webtiles) character file.

133 dearth the Shield-Bearer (level 4, 0/40 HPs)
             Began as a Minotaur Fighter on Sept 22, 2015.
             Slain by a killer bee (2 damage)
             ... on level 2 of the Dungeon on Sept 23, 2015.
             The game lasted 00:05:07 (1272 turns).

dearth the Shield-Bearer (Minotaur Fighter)         Turns: 1272, Time: 00:05:08

Health: 0/40       AC:  7    Str: 21    XL:     4   Next: 94%
Magic:  2/2        EV:  8    Int:  5    God:
Gold:   130        SH:  0    Dex: 10    Spells: 0 memorised, 3 levels left

rFire  . . .     SeeInvis .     a - +0 flail
rCold  . . .     Clarity  .     b - +0 scale mail
rNeg   . . .     SustAb   .     c - +0 shield
rPois  .         Gourm    +     (helmet restricted)
rElec  .         Spirit   .     (no cloak)
rCorr  .         Warding  .     (no gloves)
rMut   .         Stasis   .     (no boots)
MR     .....                    i - amulet of the gourmand
Stlth  ..........               (no ring)
                                (no ring)

@: confused, lethally poisoned (0 -> -9), very slightly contaminated, invisible,
not resistant to hostile enchantments, extremely unstealthy
A: retaliatory headbutt, horns 2
a: no special abilities


You were on level 2 of the Dungeon.
You were not hungry.

You visited 1 branch of the dungeon, and saw 3 of its levels.

You collected 130 gold pieces.

Inventory:

Hand weapons
 a - a +0 flail (weapon)
Armour
 b - a +0 scale mail (worn)
 c - a +0 shield (worn)
Jewellery
 i - an amulet of the gourmand (around neck)
Magical devices
 l - a wand of frost (21)
Scrolls
 f - 2 scrolls of identify {unknown}
 o - a scroll of remove curse {unknown}
 q - a scroll of recharging {unknown}
Potions
 e - a potion of might
 n - a potion of heal wounds {unknown}
Comestibles
 d - a bread ration
 h - 2 meat rations
 j - 2 beef jerkies


   Skills:
 + Level 4.0 Fighting
 + Level 3.0 Maces & Flails
 + Level 4.7 Armour
 + Level 0.9 Dodging
 + Level 0.5 Stealth
 + Level 5.1 Shields


You had 3 spell levels left.
You didn't know any spells.

Dungeon Overview and Level Annotations

Branches:
Dungeon (3/15)

Altars:


Innate Abilities, Weirdness & Mutations

You reflexively headbutt those who attack you in melee.
You have a pair of horns on your head.


Message History

* * * LOW HITPOINT WARNING * * *
You are more poisoned.
The killer bee poisons you! You block the killer bee's attack.
You are very lightly contaminated with residual magic.
Drink which item? (? for menu, Esc to quit)
It was a potion of restore abilities.
You feel refreshed.
* * * LOW HITPOINT WARNING * * *
You feel sick. You block the killer bee's attack.
You block the killer bee's attack. The orc barely misses you.
The killer bee stings you but does no damage.
The killer bee barely misses you.
Drink which item? (? for menu, Esc to quit)
It was a potion of ambrosia.
You are confused.
You feel invigorated.
* * * LOW HITPOINT WARNING * * *
You feel sick. The killer bee stings you.
* * * LOW HITPOINT WARNING * * *
The killer bee stings you.
You die...

##..# ##......[.....## ###.##
#.............# ###..#
##.......(....#
.###.#######..........## .#
#..#.............### .#
##.#.####.##....## ########
.####.#.####.#....<.## ##.......
.)......#......)o....## #........
##.#......##....@y....# #........
##.##..#####...y).....###...#####
#........÷............##...##
....##...#............#..#.#
..######................#..#
.###...................##.##
##........#................#
#..##.#####................#
÷.###.# #................#


You could see 2 killer bees and an orc.

Vanquished Creatures
  Sigmund (D:2)
  An adder (D:2)
  2 worms (D:2)
  2 giant geckos
  2 orcs (D:2)
  A ball python (D:1)
  2 giant cockroaches
  3 goblins
  4 hobgoblins
  2 jackals (D:1)
  4 bats (D:2)
  4 giant newts
  5 kobolds
  6 rats
39 creatures vanquished.

Notes
Turn   | Place    | Note
--------------------------------------------------------------
     0 | D:1      | dearth, the Minotaur Fighter, began the quest for the Orb.
     0 | D:1      | Reached XP level 1. HP: 19/19 MP: 1/1
   163 | D:1      | Reached skill level 4 in Armour
   191 | D:1      | Reached XP level 2. HP: 25/27 MP: 1/1
   774 | D:2      | Reached XP level 3. HP: 33/33 MP: 2/2
   827 | D:2      | Noticed Sigmund
   836 | D:2      | Killed Sigmund
   836 | D:2      | Reached skill level 5 in Shields
   836 | D:2      | Reached XP level 4. HP: 36/40 MP: 2/2
  1271 | D:2      | HP: 2/40 [poisoned by a killer bee]
  1272 | D:2      | Slain by a killer bee

Action                   |  1- 3 |  4- 6 || total
-------------------------+-------+-------++-------
Melee: Flail             |    65 |    22 ||    87
  Use: Potion            |       |     3 ||     3
  Eat: Pizza             |       |     1 ||     1
